 Dungeon Crawl Stone Soup version 0.31-a0-202-g547052bce9 (webtiles) character file.

Game seed: 2768840847628520656

118 qw the Skirmisher (level 4, -1/25 HPs)
             Began as a Deep Elf Hunter on June 26, 2023.
             Killed by nerve-wracking pain
             ... invoked by Grinder
              (2 damage)
             ... on level 2 of the Dungeon.
             The game lasted 00:00:41 (1840 turns).

qw the Skirmisher (Deep Elf Hunter)                 Turns: 1840, Time: 00:00:41

Health: -1/25      AC:  7    Str: 10    XL:     4   Next: 72%
Magic:  6/6        EV: 12    Int: 14    God:
Gold:   101        SH:  0    Dex: 18    Spells: 3/3 levels left

rFire   . . .        Y - +2 shortbow
rCold   . . .        (shield currently unavailable)
rNeg    . . .        c - +0 leather armour
rPois   .            (no helmet)
rElec   .            (no cloak)
rCorr   .            (no gloves)
SInv    .            (no boots)
Will    .....        b - amulet of the acrobat
Stlth   ++           k - +4 ring of protection
HPRegen 0.24/turn    (no ring)
MPRegen 0.10/turn

%: acrobat
@: no status effects
A: no striking features
a: no special abilities


You were on level 2 of the Dungeon.
You visited 1 branch of the dungeon, and saw 3 of its levels.

You collected 101 gold pieces.


   Skills:
 - Level 1.5 Fighting
 + Level 8.1 Ranged Weapons
 - Level 2.4 Dodging
 - Level 1.2 Stealth


You had 3 spell levels left.
You didn't know any spells.
Your spell library was empty.

Inventory:

Hand Weapons
 Y - a +2 shortbow (weapon)
Armour
 c - a +0 leather armour (worn)
Jewellery
 b - an amulet of the acrobat (around neck)
 d - a ring of ice
 k - a +4 ring of protection (left hand)
Scrolls
 f - a scroll of identify
Potions
 g - a potion of degeneration {unknown}
 h - a potion of curing {unknown}
 i - a potion of enlightenment {unknown}
 l - a potion of might {unknown}

Dungeon Overview and Level Annotations

Branches:
Dungeon (3/15)

Altars:

Annotations:
D:2 Grinder


Message History

1829 ||| STAIRDANCE Grinder hits you but does no damage.
The goblin barely misses you.
You climb upwards.
There is a stone staircase leading down here.
You shoot an arrow.
The arrow hits Grinder but does no damage.
Grinder is lightly wounded.
The goblin hits you but does no damage. Grinder barely misses you.
You shoot an arrow. The arrow hits Grinder.
Grinder is moderately wounded.
The goblin hits you with a +0 club. Grinder hits you.
You writhe in agony.
You shoot an arrow.
The arrow hits Grinder but does no damage.
Grinder is moderately wounded.
The goblin hits you but does no damage. Grinder hits you.
You writhe in agony.
1834 ||| DRINKING potion of heal wounds.
You feel much better. The goblin barely misses you.
Grinder hits you but does no damage.
You shoot an arrow. The arrow closely misses Grinder.
The goblin closely misses you. Grinder hits you but does no damage.
You shoot an arrow. The arrow barely misses Grinder.
The goblin hits you with a +0 club. Grinder hits you.
You writhe in agony.
You shoot an arrow. The arrow closely misses Grinder.
The goblin completely misses you. Grinder hits you.
You shoot an arrow.
The arrow hits Grinder but does no damage.
Grinder is moderately wounded.
The goblin hits you but does no damage. Grinder hits you.
The goblin barely misses you. Grinder hits you but does no damage.
You shoot an arrow. The arrow hits Grinder.
Grinder is moderately wounded.
The goblin hits you but does no damage.
Grinder rolls her eyes.
Grinder closely misses you.
You shoot an arrow. The arrow hits Grinder.
Grinder is moderately wounded.
The goblin hits you but does no damage. Grinder gestures at you.
Pain shoots through your body!
You die...

#.#####.#
#.......#.#.....##
#.####..#
#.....##.#(#.##...
#.####.##
#......#.#.#.#####
#......#
#....._#.#.#..####
########
#......#.#.#..'%..
#.....##.#.#..####
#....^..#.#...# #
#g...^##.#....####
#@5..^..#P....#...
#.....##...##.#.##
#.........###.#...
#.....##### #.####
####### #.##..
#.##.# #....#
######


You could see Grinder and a goblin.

Vanquished Creatures
  3 gnolls (D:2)
  3 adders (D:2)
  2 worms (D:2)
  A dart slug (D:1)
  5 ball pythons
  5 endoplasms
  2 giant cockroaches (D:1)
  3 goblins (D:1)
  5 hobgoblins
  4 jackals (D:1)
  4 kobolds (D:1)
  2 quokkas (D:1)
  4 bats
  3 frilled lizards
  8 rats
54 creatures vanquished.

Notes
Turn   | Place    | Note
-------+----------+-------------------------------------------
     0 | D:1      | qw the Deep Elf Hunter began the quest for the Orb.
     0 | D:1      | Reached XP level 1. HP: 12/12 MP: 3/3
     0 | D:1      | 0 ||| qw: Version: 0.3-a-22-g0ed2b0b
     0 | D:1      | 0 ||| qw: Game counter: 5827
     0 | D:1      | 0 ||| qw: Melee chars always use a shield: true
     0 | D:1      | 0 ||| qw: God list: Okawaru
     0 | D:1      | 0 ||| qw: Allow faded altars: false
     0 | D:1      | 0 ||| qw: Do Orc after clearing Dungeon:15 true
     0 | D:1      | 0 ||| qw: Do second Lair branch before Depths: true
     0 | D:1      | 0 ||| qw: Lair rune preference: random
     0 | D:1      | 0 ||| qw: Goals: Normal
     0 | D:1      | 0 ||| PLANNING D:1-11
   157 | D:1      | Reached XP level 2. HP: 16/16 MP: 4/4
   158 | D:1      | Reached skill level 6 in Ranged Weapons
   437 | D:1      | Reached XP level 3. HP: 20/20 MP: 5/5
   802 | D:1      | 802 ||| READING 2 scrolls labelled SIROUMPAKEDD.
   803 | D:1      | 803 ||| READING 2 scrolls labelled BINEVOSKEK.
   804 | D:1      | 804 ||| READING scroll of enchant weapon.
   804 | D:1      | 804 ||| ENCHANTING +1 shortbow.
   805 | D:1      | 805 ||| READING 2 scrolls labelled JIRATAURAS.
   806 | D:1      | 806 ||| DROPPING scroll of blinking.
   807 | D:1      | 807 ||| DROPPING scroll of butterflies.
   913 | D:2      | Reached skill level 7 in Ranged Weapons
  1004 | D:2      | HP: 5/20 [poisoned by an adder]
  1008 | D:2      | HP: 2/20 [poisoned by an adder]
  1121 | D:2      | Reached XP level 4. HP: 25/25 MP: 6/6
  1139 | D:2      | 1139 ||| UPGRADING to amulet of the acrobat.
  1285 | D:2      | Found a faded altar of an unknown god.
  1717 | D:2      | 1717 ||| Stepping ~*~*~tactically~*~*~ (outnumbered).
  1725 | D:2      | Reached skill level 8 in Ranged Weapons
  1796 | D:2      | 1796 ||| UPGRADING to +4 ring of protection.
  1797 | D:2      | 1797 ||| READING scroll labelled FIEROE HOMAMI.
  1800 | D:2      | 1800 ||| READING scroll labelled FUREHIREAN.
  1801 | D:2      | 1801 ||| READING 2 scrolls of identify.
  1801 | D:2      | 1801 ||| IDENTIFYING sapphire potion
  1820 | D:3      | Noticed Grinder
  1829 | D:3      | 1829 ||| STAIRDANCE
  1833 | D:2      | HP: 3/25 [Grinder (5)]
  1833 | D:2      | HP: 1/25 [Grinder (2)]
  1834 | D:2      | 1834 ||| DRINKING potion of heal wounds.
  1838 | D:2      | HP: 1/25 [Grinder (6)]
  1840 | D:2      | Killed from afar by Grinder

Levels and vault maps discovered:
D:1:      nicolae_arrival_somewhat_less_tricky_arrival, layout_loops_ring
D:2:      layout_basic, shapermc_ecumenical_altar_rom_forum,
          reono_crystal_passage
D:3:      layout_loops_ring, elyvilon_altar_4, serial_shops, shop_statue,
          chequers_hall_statues_y, minivault_4, grunt_decor_cap, uniq_grinder,
          uniq_ijyb, uniq_crazy_yiuf_cottage

Skill      XL: |  1  2  3  4 |
---------------+-------------+-----
Ranged Weapons | 6 7 8 |  8.1
Fighting       | |  1.5
Dodging        | |  2.4
Stealth        | |  1.2

Action                     |  1- 3 |  4- 6 || total
---------------------------+-------+-------++-------
   Fire: Shortbow          |   104 |    58 ||   162
    Use: Scroll            |     4 |     3 ||     7
         Potion            |       |     1 ||     1
 Armour: Leather armour    |    10 |    13 ||    23
  Dodge: Dodged            |    39 |    16 ||    55

Table legend:
 A = Non-vault XP
 B = Vault XP
 C = Vault XP percentage of total XP
 D = Non-vault monster count
 E = Vault monster count
 F = Vault count percentage of total count
                 A         B        C        D         E       F
            +---------+---------+-------+---------+---------+-------
      Total |     169 |       0 |   0.0 |      54 |       0 |   0.0
            +---------+---------+-------+---------+---------+-------
        D:1 |      59 |       0 |   0.0 |      33 |       0 |   0.0
        D:2 |     110 |       0 |   0.0 |      21 |       0 |   0.0
            +---------+---------+-------+---------+---------+-------
